 Dungeon Crawl Stone Soup version 0.21-a0-421-gfc1ce30 (webtiles) character file.

356 theanonym the Poker (level 6, -2/48 HPs)
             Began as a Merfolk Gladiator on Nov 5, 2017.
             Killed by divine providence
             ... invoked by an orc priest
              (12 damage)
             ... on level 3 of the Dungeon.
             The game lasted 00:09:23 (3428 turns).

theanonym the Poker (Merfolk Gladiator)             Turns: 3428, Time: 00:09:23

Health: -2/48      AC:  6    Str: 14    XL:     6   Next: 63%
Magic:  6/6        EV: 15    Int:  8    God:
Gold:   210        SH:  0    Dex: 17    Spells: 5/5 levels left

rFire    . . .     SeeInvis .   a - +0 trident
rCold    . . .     Gourm    .   (no shield)
rNeg     + . .     Faith    .   b - +0 leather armour
rPois    .         Spirit   .   c - +0 helmet
rElec    .         Reflect  .   p - +0 cloak
rCorr    .         Harm     .   e - +0 pair of gloves
MR       .....                  (no boots)
Stlth    +.........             (no amulet)
HPRegen  0.16/turn              y - ring of positive energy
MPRegen  0.10/turn              (no ring)

@: no status effects
A: change form in water, swift swim, stealthy swim
a: no special abilities


You were on level 3 of the Dungeon.
You were hungry.

You visited 1 branch of the dungeon, and saw 4 of its levels.

You collected 210 gold pieces.

Inventory:

Hand Weapons
 a - a +0 trident (weapon)
Missiles
 d - 3 throwing nets (quivered)
Armour
 b - a +0 leather armour (worn)
 c - a +0 helmet (worn)
 e - a +0 pair of gloves (worn)
   (You found it on level 1 of the Dungeon)
 p - a +0 cloak (worn)
   (You took it off Crazy Yiuf on level 2 of the Dungeon)
 u - a +0 buckler
   (You found it on level 3 of the Dungeon)
Jewellery
 y - a ring of positive energy (left hand)
   (You found it on level 4 of the Dungeon)
Wands
 x - a wand of paralysis (19/24)
   (You found it on level 3 of the Dungeon)
 A - a wand of disintegration (18/24)
   (You found it on level 4 of the Dungeon)
Scrolls
 h - a scroll of enchant weapon {unknown}
 i - a scroll of identify {unknown}
 l - a scroll of magic mapping {!r}
 q - a scroll of amnesia
 r - a scroll of remove curse {unknown}
 s - a scroll of fog {unknown}
 v - a scroll of blinking {unknown}
Potions
 k - a potion of magic {unknown}
 m - a potion of berserk rage {unknown}
 n - a potion of might {unknown}
 o - a potion of flight {unknown}
 t - a potion of curing
 B - a potion of heal wounds {unknown}
 C - a potion of haste {unknown}
 D - a potion of invisibility {unknown}
Comestibles
 f - 2 bread rations
 j - 4 royal jellies
 w - a meat ration
 E - 2 fruits


   Skills:
 - Level 3.6 Fighting
 - Level 6.9 Polearms
 - Level 2.0 Throwing
 - Level 5.3 Dodging
 + Level 3.4 Shields


You had 5 spell levels left.
You didn't know any spells.

Dungeon Overview and Level Annotations

Branches:
Dungeon (4/15)
 Temple: D:4-7

Altars:
Cheibriados
Dithmenos
Ru
Zin


Message History

There is an open door here.
Found a stone staircase leading up.
Unknown command.
E - 2 fruits
There is a stone staircase leading up here.
j - 4 royal jellies (gained 1)
You now have 210 gold pieces (gained 12).
All of the chunks of flesh in your inventory have rotted away.
You are feeling hungry.
A hound comes into view.
You hit the hound. The hound barely misses you.
The hound bites you but does no damage.
You miss the hound. The hound bites you but does no damage.
You miss the hound. The hound barely misses you. The hound bites you.
You take 3 damage, and have 45/48 hp.
You hit the hound. The hound bites you.
You hit the hound. The hound barely misses you. The hound closely misses you.
You closely miss the hound. The hound bites you.
You take 6 damage, and have 39/48 hp.
You puncture the hound! The hound closely misses you.
You closely miss the hound. The hound completely misses you. x2
You hit the hound.
You kill the hound!
No target in view!
You start resting.
An orc wizard comes into view. It is wielding a club.
You regained 4 hp, and now have 43/48 hp.
An orc wizard is nearby!
An orc wizard is nearby!
The orc priest shouts!
Found a dagger.
An orc comes into view. It is wielding a spear.
The orc wizard shouts!
The orc shouts!
The orc moves out of view.
The orc priest looks satisfied for a moment.
Attack whom?
Aim: an orc wizard, wielding a club and wearing a robe You reach to attack!
You puncture the orc wizard! You closely miss the orc wizard.
The orc wizard closely misses you.
An orc comes into view. It is wielding a scimitar.
The orc shouts!
You hit the orc wizard.
The orc wizard hits you but does no damage.
The orc moves out of view.
You hit the orc wizard but do no damage.
The orc wizard hits you but does no damage.
The orc priest hits you.
An iguana comes into view.
You take 4 damage, and have 40/48 hp.
You barely miss the orc wizard. The orc wizard barely misses you.
The orc priest calls down the wrath of Beogh upon you.
Beogh smites you!
* * * LOW HITPOINT WARNING * * *
The orc misses you.
The iguana hisses angrily.
You take 17 damage, and have 23/48 hp.
MASSIVE DAMAGE!!
You are too injured to fight recklessly!
You are too injured to fight recklessly!
You are too injured to fight recklessly!
You are too injured to fight recklessly!
You closely miss the orc wizard.
The orc wizard hits you but does no damage.
The orc priest calls upon Beogh to heal the orc wizard.
The orc wizard is healed somewhat.
The orc hits you from afar with a spear.
* * * LOW HITPOINT WARNING * * *
You take 3 damage, and have 20/48 hp.
You hit the orc wizard.
The orc priest calls down the wrath of Beogh upon you.
Pain shoots through your body!
* * * LOW HITPOINT WARNING * * *
The orc hits you but does no damage. The orc wizard misses you.
A dart slug comes into view.
You take 6 damage, and have 14/48 hp.
You closely miss the orc wizard. The orc priest barely misses you.
The orc hits you but does no damage. The orc wizard misses you.
As you read the scroll labeled CUPNAWUSOGG, it crumbles to dust.
The creatures around you are filled with an inner flame!
It was a scroll of immolation.
The dart slug moves out of view.
The orc priest invokes the aid of Beogh against you.
Beogh smites you!
* * * LOW HITPOINT WARNING * * *
The orc hits you from afar with a spear.
* * * LOW HITPOINT WARNING * * *
You take 9 damage, and have 5/48 hp.
It was a potion of curing.
You feel better. The orc wizard completely misses you.
The orc priest misses you. The orc completely misses you.
You regained 7 hp, and now have 12/48 hp.
There is a stone staircase leading up here.
The orc priest hits you.
* * * LOW HITPOINT WARNING * * *
You climb upwards.
There is a stone staircase leading down here.
You take 3 damage, and have 10/48 hp.
Okay, then.
Unknown command.
The orc priest mumbles some strange prayers to Beogh against you.
Beogh smites you!
You die... #......#######.#......# ##.##..># ##...###.### .......## #.....##.######## PPP##### ##...###........# .(P# ##.## ########.# ..P# #.# #.# ..P# #.# #.# PPP#

##'## #.# ##.# ##..@## #.# #.####
##.....## #####.##### #.##.##
##.....o.## #.........#
##.#...####........>###......#..#
..........'.........+.......##..#
##.#...####.........###.....##..#
#.##.## ##.......## #.#.รท###..#
#.#### ##.....## #.#.....[.#
#....# ##...## #.##.###.##


You could see an orc priest (inner flame).

Vanquished Creatures
  An ogre (D:3)
  A hound (D:4)
  Crazy Yiuf (D:2)
  Terence (D:2)
  An iguana (D:4)
  4 gnolls (D:2)
  6 adders
  3 worms
  2 dart slugs (D:2)
  7 leopard geckos
  2 orcs (D:3)
  A giant cockroach (D:2)
  7 goblins
  3 hobgoblins
  3 jackals (D:2)
  A ball python (D:2)
  4 bats
  4 frilled lizards
  7 kobolds
  8 rats
  A fungus (D:3)
68 creatures vanquished.

Notes
Turn   | Place    | Note
-------+----------+-------------------------------------------
     0 | D:1      | theanonym the Merfolk Gladiator began the quest for the Orb.
     0 | D:1      | Reached XP level 1. HP: 16/16 MP: 1/1
     0 | D:1      | theanonym: !lg * win god=fedhas race=merfolk class=gladiator s=weapon
     0 | D:1      | beem: Unknown field: weapon
   291 | D:1      | Reached XP level 2. HP: 18/23 MP: 2/2
   398 | D:1      | theanonym: !lg * win god=fedhas race=merfolk class=gladiator s=stats
   398 | D:1      | beem: Unknown field: stats
   398 | D:1      | theanonym: ??lg
   398 | D:1      | beem: listgame[1/5]: !lg command displays info about past games. The manual is available here: https://github.com/crawl/sequell/blob/master/docs/listgame.md
   399 | D:1      | theanonym: !lg * win god=fedhas race=merfolk class=gladiator x=median(int),median(str),median(dex)
   399 | D:1      | beem: 41 games for * (win god=fedhas race=merfolk class=gladiator): median(int)=12; median(str)=20; median(dex)=22
   549 | D:2      | Reached skill level 5 in Polearms
   549 | D:2      | theanonym: !lg * win god=fedhas race=merfolk class=gladiator x=median(int),median(str),median(dex) -graph
   549 | D:2      | beem: -graph requires one or two group s= terms
   549 | D:2      | theanonym: !lg * win god=fedhas race=merfolk class=gladiator s=maxskills x=median(int),median(str),median(dex) -graph
   549 | D:2      | beem: 41 games for * (win god=fedhas race=merfolk class=gladiator): https://shalott.org/graphs/8f29847cabadfa0e44f972e52ff78c82c3191fd7.html
   549 | D:2      | theanonym: !lg * win race=merfolk class=gladiator s=maxskills x=median(int),median(str),median(dex) -graph
   549 | D:2      | beem: 489 games for * (win race=merfolk class=gladiator): https://shalott.org/graphs/f75f7036579ca3b67061b48c90a381c36a279ba4.html
   549 | D:2      | theanonym: !lg * win race=merfolk class=gladiator s=maxskills x=mmedian(str),median(dex) -graph
   549 | D:2      | beem: Unknown function: mmedian
   549 | D:2      | theanonym: !lg * win race=merfolk class=gladiator s=maxskills x=median(str),median(dex) -graph
   549 | D:2      | beem: 489 games for * (win race=merfolk class=gladiator): https://shalott.org/graphs/985553e2684c850062dc18e0c2c12450aeba27cc.html
   549 | D:2      | theanonym: ??dex
   549 | D:2      | beem: dex[1/1]: Increases {accuracy} slightly, chance of stabbing distracted mons and stealth as well. Plays a significant role in EV if you have {dodging} skill. Boosts ability to shield-block, especially for bucklers, less for large shields.
   549 | D:2      | theanonym: ??str
   549 | D:2      | beem: strength[1/2]: Strength reduces penalties from wearing body armour; see {aevp}. Has a small impact on melee and launcher damage, roughly +25% of initial damage per 10 points of str above 10.
   549 | D:2      | theanonym: !lg * win race=merfolk class=gladiator s=str,dex
   549 | D:2      | beem: 489 games for * (win race=merfolk class=gladiator): 49x 18 (8x 19, 6x 27, 5x 29, 4x 20, 4x 15, 3x 23, 3x 21, 3x 25, 2x 28, 2x 31, 2x 24, 14, 26, 22, 18, 16, 32, 42), 39x 25 (5x 20, 4x 23, 3x 29, 3x 17, 3x 25, 3x 32, 3x 21, 2x 13, 2x 18, 2x 28, 19, 27, 22, 26, 30, 31, 16, 34, 36), 38x 20 (5x 26, 5x 24, 4x 27, 4x 29, 3x 30, 3x 25, 2x 22, 2x 18, 2x 31, 15, 23, 28, 21, 20, 19, 32, 46), 35x 19 (5x 20...
   549 | D:2      | theanonym: !lg * win race=merfolk class=gladiator s=str
   549 | D:2      | beem: 489 games for * (win race=merfolk class=gladiator): 49x 18, 39x 25, 38x 20, 35x 19, 30x 22, 29x 24, 29x 17, 25x 21, 25x 23, 23x 16, 20x 28, 20x 15, 16x 27, 16x 26, 12x 29, 11x 31, 9x 30, 8x 32, 7x 33, 6x 34, 6x 13, 5x 35, 4x 12, 4x 36, 4x 14, 4x 37, 3x 11, 3x 40, 2x 44, 2x 10, 2x 38, 2x 41, 51
   549 | D:2      | theanonym: !lg * win race=merfolk class=gladiator s=dex
   549 | D:2      | beem: 489 games for * (win race=merfolk class=gladiator): 39x 20, 35x 22, 34x 24, 32x 25, 29x 21, 28x 23, 28x 18, 27x 29, 27x 19, 27x 27, 23x 26, 20x 28, 17x 30, 17x 31, 15x 32, 15x 16, 14x 17, 14x 15, 9x 33, 6x 38, 5x 13, 4x 34, 3x 36, 3x 43, 3x 12, 3x 35, 2x 14, 2x 46, 2x 40, 53, 51, 42, 39, 37, 8
   549 | D:2      | Reached XP level 3. HP: 17/28 MP: 3/3
   819 | D:2      | Noticed Terence
   835 | D:2      | Killed Terence
   835 | D:2      | Reached skill level 3 in Fighting
  1095 | D:2      | Reached XP level 4. HP: 35/35 MP: 4/4
  1269 | D:2      | Reached skill level 6 in Polearms
  1425 | D:2      | Reached skill level 5 in Dodging
  1440 | D:2      | Reached XP level 5. HP: 24/41 MP: 5/5
  1663 | D:2      | Found a shadowy altar of Dithmenos.
  1906 | D:2      | Found a runed door.
  2142 | D:2      | Noticed Crazy Yiuf
  2147 | D:2      | Killed Crazy Yiuf
  2969 | D:3      | Reached skill level 1 in Shields
  3130 | D:4      | Reached XP level 6. HP: 35/48 MP: 6/6
  3139 | D:4      | Reached skill level 2 in Shields
  3233 | D:3      | Reached skill level 3 in Shields
  3317 | D:4      | Found a faded altar of an unknown god.
  3317 | D:4      | Found a faded altar of an unknown god.
  3324 | D:4      | Found a glowing silver altar of Zin.
  3326 | D:4      | Found a sacrificial altar of Ru.
  3327 | D:4      | Found a snail-covered altar of Cheibriados.
  3415 | D:4      | HP: 7/48 [orc priest/divine providence (7)]
  3424 | D:4      | HP: 9/48 [orc priest (4)]
  3428 | D:3      | Killed from afar by an orc priest

Vault maps used:
D:1:      eino_arrival_druids_welcome
D:2:      lemuel_doored_altar, first_bread, uniq_crazy_yiuf_cottage,
          uniq_terence
D:3:      minmay_gold_behind_fungi
D:4:      kennysheep_little_box, chequers_temple_overflow_minitemple,
          kb_xom_exploding_sheep

Skill      XL: |  1  2  3  4  5  6 |
---------------+-------------------+-----
Polearms       | 5 6 |  6.9
Fighting       | 3 |  3.6
Dodging        | 5 |  5.3
Shields        | 1 3 |  3.4
Throwing       | |  2.0

Action                   |  1- 3 |  4- 6 || total
-------------------------+-------+-------++-------
Melee: Trident           |    61 |   187 ||   248
Throw: Throwing net      |       |     1 ||     1
  Use: Scroll            |       |     3 ||     3
       Potion            |       |     1 ||     1
 Stab: Sleeping          |     3 |     3 ||     6
       Invisible         |       |     1 ||     1
       Held in net/web   |       |     1 ||     1
  Eat: Chunk             |     1 |     2 ||     3
       Bread ration      |       |     1 ||     1
Armor: Leather armour    |    15 |    25 ||    40
Dodge: Dodged            |    47 |    88 ||   135

Table legend:
 A = Spawn XP
 B = Non-spawn XP
 C = Spawn XP percentage of total XP
 D = Spawn monster count
 E = Non-spawn monster count
 F = Spawn count percentage of total count
 G = Total turns spent on level
                    A         B        C        D         E        F      G
               +---------+---------+-------+---------+---------+-------+---------
         Total |       0 |     509 |   0.0 |       0 |      67 |   0.0 |  3428
               +---------+---------+-------+---------+---------+-------+---------
           D:1 |       0 |      20 |   0.0 |       0 |      12 |   0.0 |   788
           D:2 |       0 |     238 |   0.0 |       0 |      31 |   0.0 |  1398
           D:3 |       0 |     166 |   0.0 |       0 |      20 |   0.0 |   972
           D:4 |       0 |      85 |   0.0 |       0 |       4 |   0.0 |   270
               +---------+---------+-------+---------+---------+-------+---------
